 Dungeon Crawl Stone Soup version 0.29.0-4-gdea44cf6ec (webtiles) character file.

Game seed: 10787580253231581603

2373 qw the Grappler (level 9, -3/75 HPs)
             Began as a Ghoul Fire Elementalist on Aug 29, 2022.
             Was a Believer of Okawaru.
             Slain by a wight
             ... wielding a +0 trident
              (6 damage)
             ... on level 6 of the Dungeon.
             The game lasted 00:06:38 (8667 turns).

qw the Grappler (Ghoul Fire Elementalist)           Turns: 8667, Time: 00:06:38

Health: -3/75      AC: 13    Str: 16    XL:     9   Next: 45%
Magic:  10/11      EV:  8    Int: 10    God:    Okawaru [**....]
Gold:   460        SH:  5    Dex:  9    Spells: 10/11 levels left

rFire   . . .      SeeInvis .     - Unarmed
rCold   + . .      Faith    .   (no shield)
rNeg    + + +      Spirit   .   l - +0 chain mail
rPois   inf        Reflect  +   (no helmet)
rElec   .          Harm     .   o - +2 cloak
rCorr   .          Rampage  .   (no gloves)
Will    .....                   (no boots)
Stlth   ..........              h - amulet of reflection
HPRegen 0.00/turn               (no ring)
MPRegen 0.12/turn               (no ring)

@: heroic, inhibited regen
A: claws 1, cold resistance 1, negative energy resistance 3, inhibited
regeneration, torment resistance 2, devour on kill
a: Renounce Religion, Heroism


You were on level 6 of the Dungeon.
You worshipped Okawaru.
Okawaru was pleased with you.
You visited 1 branch of the dungeon, and saw 6 of its levels.

You collected 460 gold pieces.


Innate Abilities, Weirdness & Mutations

You are immune to poison.
You have sharp fingernails.
Your flesh is cold resistant. (rC+)
You are immune to negative energy. (rN+++)
You do not regenerate when monsters are visible.
You are immune to unholy pain and torment.
You thrive by killing the living.


   Skills:
 - Level 6.0(11.0) Fighting
 - Level 1.4(6.4) Throwing
 - Level 2.1(7.1) Armour
 - Level 1.7(6.7) Dodging
 - Level 2.1(7.1) Stealth
 + Level 10.5(15.5) Unarmed Combat
 - Level 1.7 Spellcasting
 - Level 0.7 Conjurations
 - Level 2.4 Fire Magic
 - Level 4.0 Invocations


You had 10 spell levels left.
You knew the following spells:

 Your Spells              Type           Power      Damage    Failure   Level
a - Foxfire               Conj/Fire      16%        2x1d4     91%         1

Your spell library contained the following spells:

 Spells                   Type           Power      Damage    Failure   Level
 Scorch                   Fire           10%        2d6       93%         2
 Conjure Flame            Conj/Fire      4%         6-21      100%        3
 Inner Flame              Hex/Fire       3%         N/A       100%        3
 Flame Wave               Conj/Fire      4%         2d5       100%        4

Inventory:

Missiles
 n - 3 boomerangs (quivered)
Armour
 b - a +0 pair of gloves
 e - the +1 helmet of Supple Strength {Rampage rPois rCorr Str-5}
   (You found it on level 6 of the Dungeon)

   Str:       It affects your strength (-5).
   rPois:     It protects you from poison.
   rCorr:     It protects you from acid and corrosion.
   Rampage:   It bestows one free step when moving towards enemies.
 j - a +0 plate armour
 l - a +0 chain mail (worn)
 o - a +2 cloak (worn)
Jewellery
 h - an amulet of reflection (around neck)
Scrolls
 a - a scroll of brand weapon
 c - a scroll of identify
 m - a scroll of enchant armour
 q - a scroll of immolation {unknown}
Potions
 d - 4 potions of curing
 f - a potion of mutation {unknown}
 g - a potion of resistance {unknown}
 i - 3 potions of haste
 k - a potion of cancellation {unknown}
 p - a potion of invisibility {unknown}

Dungeon Overview and Level Annotations

Branches:
Dungeon (6/15)             Temple (0/1) D:4

Altars:
Dithmenos
Hepliaklqana
Okawaru
Qazlal
Trog

Shops:
D:2 [


Message History

8656 ||| INVOKING Heroism.
You gain the combat prowess of a mighty hero.
The wight closely misses you.
You mangle the wight!!
You destroy the wight!
Okawaru accepts your kill. The wight completely misses you.
The wight hits you from afar with a +0 trident.
The wight hits you but does no damage.
You scratch the wight but do no damage. You scratch the wight but do no damage.
The wight completely misses you.
The wight hits you from afar with a +0 trident!
You claw the wight!
The wight is heavily damaged.
The wight hits you with a +2 falchion!
The wight hits you from afar with a +0 trident.
The wight closely misses you.
You claw the wight!
You destroy the wight!
Okawaru accepts your kill. The wight barely misses you. x2
You claw the wight!
The wight is almost destroyed.
You closely miss the wight.
The wight is almost destroyed.
You block the wight's attack.
The wight hits you from afar with a +0 trident.
You scratch the wight but do no damage.
The wight is almost destroyed.
The wight barely misses you.
The wight hits you from afar with a +0 trident.
You claw the wight!
You destroy the wight!
Okawaru accepts your kill. The wight hits you with a +0 trident.
You claw the wight! Your claw misses the wight.
The wight is heavily damaged.
The wight hits you with a +0 trident.
You die...

..............#.......
####...)......#.......
######.....#.......
#.....##..##.#
#......#..# +#
#......#... #
#......#.... #
######......# #
#.@z........# #
#)).........# #
#...........#######
######...........#...#..
#................#...#..
#................#...#..
#.....#####......##'###'
#.....#...####'#........
#.....#....#...#....<...


You could see a wight.

Vanquished Creatures
  A steam dragon (D:6)
  Edmund (D:6)
  4 ice beasts
  4 ogres
  A centaur (D:5)
  A gnoll sergeant (D:5)
  3 scorpions (D:4)
  4 wights (D:6)
  A howler monkey (D:5)
  4 orc priests
  3 hounds
  2 jellies
  An iguana (D:4)
  3 orc wizards
  19 gnolls (D:5)
  11 adders
  A shadow imp (D:6)
  2 ufetubi
  5 worms
  3 dart slugs
  18 orcs
  8 endoplasms
  4 giant cockroaches (D:3)
  29 goblins
  26 hobgoblins
  3 jackals (D:3)
  6 quokkas
  5 ball pythons
  12 bats
  4 frilled lizards
  14 kobolds
  5 rats
208 creatures vanquished.

Vanquished Creatures (others)
  An orc (D:6)
  3 fungi
  4 plants (D:4)
8 creatures vanquished.

Grand Total: 216 creatures vanquished

Notes
Turn   | Place    | Note
-------+----------+-------------------------------------------
     0 | D:1      | qw the Ghoul Fire Elementalist began the quest for the Orb.
     0 | D:1      | Reached XP level 1. HP: 14/14 MP: 2/2
     0 | D:1      | 0 ||| qw: Version: 0.1-a-90-g952f4b7
     0 | D:1      | 0 ||| qw: Game counter: 3669
     0 | D:1      | 0 ||| qw: Always use a shield: true
     0 | D:1      | 0 ||| qw: God list: Okawaru
     0 | D:1      | 0 ||| qw: Allow faded altars: false
     0 | D:1      | 0 ||| qw: Do Orc after D:15 true
     0 | D:1      | 0 ||| qw: Do second Lair branch before Depths: true
     0 | D:1      | 0 ||| qw: Lair rune preference: random
     0 | D:1      | 0 ||| qw: Plans: Normal
     0 | D:1      | 0 ||| PLANNING D:1-11
   110 | D:1      | Reached skill level 1 in Unarmed Combat
   236 | D:1      | Reached skill level 1 in Fighting
   236 | D:1      | Reached XP level 2. HP: 22/23 MP: 3/3
   622 | D:1      | Found a faded altar of an unknown god.
   817 | D:1      | Reached skill level 2 in Unarmed Combat
  1079 | D:1      | 1079 ||| READING scroll labelled TUNWUUDWYI.
  1080 | D:1      | 1080 ||| READING scroll labelled BESHRY RIEV.
  1081 | D:1      | 1081 ||| READING scroll labelled GAPRIAHIFI.
  1082 | D:1      | 1082 ||| READING scroll labelled OQIKAMPO MEPE.
  1083 | D:1      | 1083 ||| READING scroll labelled VOOCSODDEYM.
  1084 | D:1      | 1084 ||| DROPPING potion of magic.
  1140 | D:2      | HP: 5/23 [worm (10)]
  1363 | D:2      | 1363 ||| FLEEEEING.
  1364 | D:2      | 1364 ||| FLEEEEING.
  1419 | D:2      | HP: 4/23 [adder (3)]
  1422 | D:2      | Reached XP level 3. HP: 7/28 MP: 4/4
  1422 | D:2      | 1422 ||| FLEEEEING.
  1423 | D:2      | 1423 ||| FLEEEEING.
  1424 | D:2      | 1424 ||| FLEEEEING.
  1427 | D:2      | 1427 ||| FLEEEEING.
  1428 | D:2      | 1428 ||| FLEEEEING.
  1429 | D:2      | 1429 ||| FLEEEEING.
  1430 | D:2      | 1430 ||| FLEEEEING.
  1431 | D:2      | 1431 ||| FLEEEEING.
  1432 | D:2      | 1432 ||| FLEEEEING.
  1433 | D:2      | 1433 ||| FLEEEEING.
  1442 | D:2      | 1442 ||| STAIRDANCE
  1655 | D:1      | 1655 ||| UPGRADING to +0 ring mail.
  1665 | D:1      | 1665 ||| DROPPING +0 robe.
  1697 | D:2      | 1697 ||| Stepping ~*~*~tactically~*~*~ (hiding).
  1762 | D:2      | Reached skill level 3 in Unarmed Combat
  1806 | D:2      | Found Duc Gerph's Antique Armour Shop.
  1827 | D:2      | 1827 ||| Stepping ~*~*~tactically~*~*~ (stealth).
  1828 | D:2      | 1828 ||| FLEEEEING.
  1829 | D:2      | 1829 ||| FLEEEEING.
  1830 | D:2      | 1830 ||| FLEEEEING.
  1931 | D:2      | 1931 ||| SHOPLISTING chain mail (121 gold, have 38).
  1931 | D:2      | 1931 ||| SHOPLISTING pair of gloves (121 gold, have 38).
  1931 | D:2      | 1931 ||| SHOPLISTING runed robe (99 gold, have 38).
  1931 | D:2      | 1931 ||| SHOPLISTING scale mail (108 gold, have 38).
  2648 | D:2      | 2648 ||| READING scroll labelled SUIPLA NOSA.
  2649 | D:2      | 2649 ||| READING scroll labelled ZOSITU OMPI.
  2650 | D:2      | 2650 ||| READING scroll labelled SORUOQUOPS.
  2674 | D:3      | 2674 ||| PLANNING SEWER
  2679 | D:3      | Reached XP level 4. HP: 35/35 MP: 5/5
  2724 | D:3      | Found a bloodstained altar of Trog.
  2774 | D:3      | Found a glowing drain.
  2775 | D:3      | 2775 ||| READING scroll labelled OXA GUOSU OCE.
  3005 | D:3      | Reached skill level 4 in Unarmed Combat
  3177 | D:3      | 3177 ||| Stepping ~*~*~tactically~*~*~ (hiding).
  3178 | D:3      | 3178 ||| Stepping ~*~*~tactically~*~*~ (hiding).
  3290 | D:3      | 3290 ||| RIP SEWER
  3292 | D:3      | 3292 ||| PLANNING D:1-11
  3317 | D:3      | 3317 ||| Stepping ~*~*~tactically~*~*~ (outnumbered).
  3319 | D:3      | 3319 ||| Stepping ~*~*~tactically~*~*~ (outnumbered).
  3320 | D:3      | 3320 ||| Stepping ~*~*~tactically~*~*~ (outnumbered).
  3321 | D:3      | 3321 ||| Stepping ~*~*~tactically~*~*~ (outnumbered).
  3322 | D:3      | 3322 ||| Stepping ~*~*~tactically~*~*~ (outnumbered).
  3323 | D:3      | 3323 ||| Stepping ~*~*~tactically~*~*~ (outnumbered).
  3442 | D:3      | 3442 ||| Stepping ~*~*~tactically~*~*~ (stealth).
  3541 | D:3      | Reached XP level 5. HP: 38/41 MP: 6/6
  3686 | D:3      | 3686 ||| Stepping ~*~*~tactically~*~*~ (stealth).
  3688 | D:3      | 3688 ||| Stepping ~*~*~tactically~*~*~ (stealth).
  3691 | D:3      | 3691 ||| Stepping ~*~*~tactically~*~*~ (stealth).
  3754 | D:3      | Found an iron altar of Okawaru.
  3766 | D:3      | Became a worshipper of Warmaster Okawaru
  3906 | D:3      | 3906 ||| DROPPING amulet of faith.
  3907 | D:3      | 3907 ||| UPGRADING to amulet of reflection.
  3912 | D:3      | 3912 ||| READING scroll labelled GASIDOUWURCH.
  3985 | D:4      | Reached skill level 5 in Unarmed Combat
  3993 | D:4      | Reached XP level 6. HP: 32/48 MP: 7/7
  4088 | D:4      | Reached skill level 6 in Unarmed Combat
  4113 | D:4      | Reached * piety under Okawaru
  4114 | D:4      | Reached skill level 3 in Fighting
  4235 | D:4      | Found the +7 Singing Sword {vorpal, sonic wave}
  4280 | D:4      | 4280 ||| INVOKING Heroism.
  4359 | D:4      | 4359 ||| INVOKING Heroism.
  4368 | D:4      | Reached XP level 7. HP: 53/57 MP: 5/8
  4480 | D:4      | 4480 ||| INVOKING Heroism.
  4493 | D:4      | 4493 ||| INVOKING Heroism.
  4494 | D:4      | 4494 ||| INVOKING Heroism.
  4495 | D:4      | 4495 ||| INVOKING Heroism.
  4497 | D:4      | Reached skill level 1 in Invocations
  4644 | D:4      | 4644 ||| Stepping ~*~*~tactically~*~*~ (stealth).
  4662 | D:4      | Found the +18 Lear's hauberk
  4820 | D:4      | Reached skill level 7 in Unarmed Combat
  4889 | D:4      | 4889 ||| INVOKING Heroism.
  4890 | D:4      | 4890 ||| INVOKING Heroism.
  5032 | D:4      | 5032 ||| INVOKING Heroism.
  5246 | D:4      | Found a shadowy altar of Dithmenos.
  5262 | D:4      | Found a staircase to the Ecumenical Temple.
  5366 | D:4      | Found a stormy altar of Qazlal.
  5406 | D:4      | 5406 ||| INVOKING Heroism.
  5422 | D:4      | Reached skill level 3 in Invocations
  5647 | D:4      | 5647 ||| DROPPING amulet of the acrobat.
  5648 | D:4      | 5648 ||| READING scroll labelled ROIWEG YCIGGESAXU.
  5649 | D:4      | 5649 ||| READING scroll labelled QIEFAH GOTU.
  5650 | D:4      | 5650 ||| DRINKING 2 orange potions.
  5651 | D:4      | 5651 ||| READING 2 scrolls of identify.
  5651 | D:4      | 5651 ||| IDENTIFYING clear potion
  5652 | D:4      | 5652 ||| DROPPING potion of degeneration.
  5653 | D:4      | 5653 ||| DROPPING potion of attraction.
  5737 | D:5      | Entered Level 5 of the Dungeon
  5781 | D:5      | 5781 ||| Stepping ~*~*~tactically~*~*~ (stealth).
  5782 | D:5      | 5782 ||| Stepping ~*~*~tactically~*~*~ (stealth).
  5784 | D:5      | 5784 ||| Stepping ~*~*~tactically~*~*~ (hiding).
  5787 | D:5      | 5787 ||| Stepping ~*~*~tactically~*~*~ (stealth).
  5814 | D:5      | 5814 ||| Stepping ~*~*~tactically~*~*~ (stealth).
  5818 | D:5      | 5818 ||| Stepping ~*~*~tactically~*~*~ (stealth).
  5822 | D:5      | 5822 ||| Stepping ~*~*~tactically~*~*~ (stealth).
  5825 | D:5      | 5825 ||| Stepping ~*~*~tactically~*~*~ (outnumbered).
  5895 | D:5      | 5895 ||| INVOKING Heroism.
  5898 | D:5      | Reached XP level 8. HP: 44/63 MP: 6/10
  6052 | D:5      | 6052 ||| INVOKING Heroism.
  6055 | D:5      | 6055 ||| Stepping ~*~*~tactically~*~*~ (water).
  6060 | D:5      | Reached skill level 8 in Unarmed Combat
  6076 | D:5      | 6076 ||| INVOKING Heroism.
  6079 | D:5      | 6079 ||| Stepping ~*~*~tactically~*~*~ (outnumbered).
  6094 | D:5      | 6094 ||| Stepping ~*~*~tactically~*~*~ (outnumbered).
  6095 | D:5      | 6095 ||| Stepping ~*~*~tactically~*~*~ (outnumbered).
  6096 | D:5      | 6096 ||| Stepping ~*~*~tactically~*~*~ (outnumbered).
  6097 | D:5      | 6097 ||| Stepping ~*~*~tactically~*~*~ (outnumbered).
  6098 | D:5      | 6098 ||| Stepping ~*~*~tactically~*~*~ (outnumbered).
  6115 | D:5      | 6115 ||| INVOKING Heroism.
  6345 | D:5      | 6345 ||| Stepping ~*~*~tactically~*~*~ (hiding).
  6367 | D:5      | 6367 ||| INVOKING Heroism.
  6372 | D:5      | 6372 ||| Stepping ~*~*~tactically~*~*~ (outnumbered).
  6373 | D:5      | 6373 ||| Stepping ~*~*~tactically~*~*~ (outnumbered).
  6374 | D:5      | 6374 ||| Stepping ~*~*~tactically~*~*~ (outnumbered).
  6375 | D:5      | 6375 ||| Stepping ~*~*~tactically~*~*~ (outnumbered).
  6376 | D:5      | 6376 ||| Stepping ~*~*~tactically~*~*~ (outnumbered).
  6377 | D:5      | 6377 ||| Stepping ~*~*~tactically~*~*~ (outnumbered).
  6378 | D:5      | 6378 ||| Stepping ~*~*~tactically~*~*~ (outnumbered).
  6383 | D:5      | Reached skill level 1 in Armour
  6409 | D:5      | 6409 ||| INVOKING Heroism.
  6416 | D:5      | 6416 ||| Stepping ~*~*~tactically~*~*~ (outnumbered).
  6417 | D:5      | 6417 ||| Stepping ~*~*~tactically~*~*~ (outnumbered).
  6418 | D:5      | 6418 ||| Stepping ~*~*~tactically~*~*~ (outnumbered).
  6419 | D:5      | 6419 ||| Stepping ~*~*~tactically~*~*~ (outnumbered).
  6421 | D:5      | 6421 ||| Stepping ~*~*~tactically~*~*~ (outnumbered).
  6437 | D:5      | 6437 ||| INVOKING Heroism.
  6553 | D:5      | 6553 ||| INVOKING Heroism.
  6580 | D:5      | 6580 ||| INVOKING Heroism.
  6581 | D:5      | 6581 ||| Stepping ~*~*~tactically~*~*~ (outnumbered).
  6582 | D:5      | 6582 ||| Stepping ~*~*~tactically~*~*~ (outnumbered).
  6583 | D:5      | 6583 ||| Stepping ~*~*~tactically~*~*~ (outnumbered).
  6585 | D:5      | 6585 ||| Stepping ~*~*~tactically~*~*~ (outnumbered).
  6586 | D:5      | 6586 ||| Stepping ~*~*~tactically~*~*~ (outnumbered).
  6587 | D:5      | 6587 ||| Stepping ~*~*~tactically~*~*~ (outnumbered).
  6594 | D:5      | 6594 ||| Stepping ~*~*~tactically~*~*~ (outnumbered).
  6611 | D:5      | Reached skill level 9 in Unarmed Combat
  6612 | D:5      | 6612 ||| INVOKING Heroism.
  6662 | D:5      | 6662 ||| FLEEEEING.
  6663 | D:5      | 6663 ||| FLEEEEING.
  6664 | D:5      | 6664 ||| FLEEEEING.
  6665 | D:5      | 6665 ||| FLEEEEING.
  6666 | D:5      | 6666 ||| FLEEEEING.
  6667 | D:5      | 6667 ||| FLEEEEING.
  6668 | D:5      | 6668 ||| FLEEEEING.
  6669 | D:5      | 6669 ||| FLEEEEING.
  6670 | D:5      | 6670 ||| FLEEEEING.
  6671 | D:5      | 6671 ||| FLEEEEING.
  6677 | D:5      | 6677 ||| INVOKING Heroism.
  6788 | D:5      | 6788 ||| Stepping ~*~*~tactically~*~*~ (stealth).
  6789 | D:5      | 6789 ||| Stepping ~*~*~tactically~*~*~ (stealth).
  6790 | D:5      | 6790 ||| Stepping ~*~*~tactically~*~*~ (stealth).
  7003 | D:5      | 7003 ||| Stepping ~*~*~tactically~*~*~ (hiding).
  7144 | D:5      | 7144 ||| INVOKING Heroism.
  7175 | D:5      | 7175 ||| Stepping ~*~*~tactically~*~*~ (stealth).
  7183 | D:5      | 7183 ||| Stepping ~*~*~tactically~*~*~ (hiding).
  7198 | D:5      | 7198 ||| INVOKING Heroism.
  7375 | D:5      | 7375 ||| INVOKING Heroism.
  7807 | D:5      | 7807 ||| Stepping ~*~*~tactically~*~*~ (hiding).
  8007 | D:5      | 8007 ||| DROPPING +0 robe of cold resistance.
  8008 | D:5      | 8008 ||| UPGRADING to +0 chain mail.
  8018 | D:5      | 8018 ||| DROPPING +0 ring mail.
  8019 | D:5      | 8019 ||| UPGRADING to +2 cloak.
  8024 | D:5      | 8024 ||| READING scroll labelled ZECENI KAXEV.
  8025 | D:5      | 8025 ||| DRINKING 3 cyan potions.
  8026 | D:5      | 8026 ||| DRINKING 4 bubbling dark potions.
  8027 | D:5      | 8027 ||| READING 2 scrolls of identify.
  8027 | D:5      | 8027 ||| IDENTIFYING viscous inky potion
  8028 | D:5      | 8028 ||| DROPPING potion of ambrosia.
  8043 | D:5      | 8043 ||| Stepping randomly (stuck).
  8077 | D:6      | 8077 ||| INVOKING Heroism.
  8082 | D:6      | Noticed Edmund
  8084 | D:6      | Reached XP level 9. HP: 72/74 MP: 8/11
  8088 | D:6      | 8088 ||| Stepping ~*~*~tactically~*~*~ (cloud).
  8089 | D:6      | 8089 ||| Stepping randomly (cloudy).
  8094 | D:6      | Reached ** piety under Okawaru
  8095 | D:6      | Reached skill level 10 in Unarmed Combat
  8099 | D:6      | Killed Edmund
  8100 | D:6      | Reached skill level 1 in Throwing
  8320 | D:6      | Identified the +1 helmet of Supple Strength {Rampage rPois
                  | rCorr Str-5}
  8460 | D:6      | Found a hazy altar of Hepliaklqana.
  8555 | D:6      | 8555 ||| INVOKING Heroism.
  8558 | D:6      | Reached skill level 6 in Fighting
  8636 | D:6      | 8636 ||| INVOKING Heroism.
  8642 | D:6      | 8642 ||| Stepping ~*~*~tactically~*~*~ (outnumbered).
  8643 | D:6      | 8643 ||| Stepping ~*~*~tactically~*~*~ (outnumbered).
  8644 | D:6      | 8644 ||| Stepping ~*~*~tactically~*~*~ (outnumbered).
  8645 | D:6      | 8645 ||| Stepping ~*~*~tactically~*~*~ (outnumbered).
  8646 | D:6      | 8646 ||| Stepping ~*~*~tactically~*~*~ (outnumbered).
  8647 | D:6      | 8647 ||| Stepping ~*~*~tactically~*~*~ (outnumbered).
  8648 | D:6      | 8648 ||| Stepping ~*~*~tactically~*~*~ (outnumbered).
  8649 | D:6      | 8649 ||| Stepping ~*~*~tactically~*~*~ (outnumbered).
  8652 | D:6      | 8652 ||| Stepping ~*~*~tactically~*~*~ (outnumbered).
  8653 | D:6      | 8653 ||| Stepping ~*~*~tactically~*~*~ (outnumbered).
  8654 | D:6      | 8654 ||| Stepping ~*~*~tactically~*~*~ (outnumbered).
  8655 | D:6      | 8655 ||| Stepping ~*~*~tactically~*~*~ (outnumbered).
  8656 | D:6      | 8656 ||| INVOKING Heroism.
  8660 | D:6      | HP: 16/75 [wight/+2 falchion (7)]
  8666 | D:6      | HP: 3/75 [wight/+0 trident (5)]
  8667 | D:6      | Slain by a wight

Levels and vault maps discovered:
D:1:      shiori_arrival_oz, layout_basic, hellmonk_ecumenical_altar_lost_god,
          dk_noncrumbling_2, glass_columns_a
D:2:      layout_basic, serial_shops, shop
D:3:      layout_basic, mainiacjoe_overflow_chevrons,
          nicolae_overflow_crystal_walls, cheibrodos_sewer_entry_drain,
          grunt_ministairs_3, corexii_shack, kennysheep_generic_room_4
D:4:      old_forge, layout_loops_corners, mainiacjoe_overflow_catwalk_spiral,
          minmay_temple_entry_crystal_x, kennysheep_windowed_goal
D:5:      minmay_goblin_kobold_castle, layout_basic,
          nicolae_concentric_dashed_squares_mild
D:6:      layout_gridville, amcnicky_altar_gilded, uniq_edmund

Skill      XL: |  1  2  3  4  5  6  7  8  9 |
---------------+----------------------------+-----
Unarmed Combat | 1 2 3 4 5 6 7 9 10 | 10.5
Fighting       | 1 2 3 5 6 |  6.0
Invocations    | 4 |  4.0
Armour         | 2 |  2.1
Throwing       | 1 |  1.4
Dodging        | |  1.7
Stealth        | |  2.1
Spellcasting   | |  1.7
Conjurations   | |  0.7
Fire Magic     | |  2.4

Action                   |  1- 3 |  4- 6 |  7- 9 || total
-------------------------+-------+-------+-------++-------
Melee: Unarmed           |   140 |   161 |   353 ||   654
       Punch             |     1 |     6 |    14 ||    21
Throw: Boomerang         |       |       |    12 ||    12
Invok: Heroism           |       |     2 |    23 ||    25
  Use: Scroll            |     8 |     2 |     5 ||    15
       Potion            |       |       |     3 ||     3
 Stab: Sleeping          |     1 |       |       ||     1
       Held in net/web   |       |     1 |       ||     1
Armor: Robe              |    21 |       |       ||    21
       Ring mail         |    17 |    55 |    67 ||   139
       Chain mail        |       |       |    23 ||    23
Dodge: Dodged            |    77 |    70 |   175 ||   322
Block: Other             |       |    22 |    65 ||    87
       Reflection        |       |       |     9 ||     9

Table legend:
 A = Non-vault XP
 B = Vault XP
 C = Vault XP percentage of total XP
 D = Non-vault monster count
 E = Vault monster count
 F = Vault count percentage of total count
                 A         B        C        D         E       F
            +---------+---------+-------+---------+---------+-------
      Total |    2623 |     767 |  22.6 |     130 |      78 |  37.5
            +---------+---------+-------+---------+---------+-------
        D:1 |      21 |       4 |  16.0 |      15 |       2 |  11.8
        D:2 |      55 |       0 |   0.0 |      15 |       0 |   0.0
        D:3 |      83 |      27 |  24.5 |      28 |       7 |  20.0
        D:4 |     525 |     334 |  38.9 |      25 |      13 |  34.2
        D:5 |    1050 |     249 |  19.2 |      32 |      55 |  63.2
        D:6 |     889 |     153 |  14.7 |      15 |       1 |   6.2
            +---------+---------+-------+---------+---------+-------
